 Dungeon Crawl Stone Soup version 0.19.1-1-g22dce08 (webtiles) character file.

30 spooks32 the Gusty (level 3, -1/19 HPs)
             Began as a Tengu Air Elementalist on Jan 7, 2017.
             Killed from afar by a white imp (13 damage)
             ... with a puff of frost
             ... summoned by Natasha
             ... on level 2 of the Dungeon.
             The game lasted 00:04:00 (1692 turns).

spooks32 the Gusty (Tengu Air Elementalist)         Turns: 1692, Time: 00:04:02

Health: -1/19      AC:  2    Str:  8    XL:     3   Next: 20%
Magic:  7/7        EV: 12    Int: 16    God:
Gold:   64         SH:  0    Dex: 14    Spells: 3 memorised, 1 level left

rFire  . . .     SeeInvis .     g - -1 dagger (curse)
rCold  . . .     Gourm    .     a - +0 robe
rNeg   . . .     Faith    .     (no shield)
rPois  .         Spirit   .     (helmet restricted)
rElec  .         Reflect  .     (no cloak)
rCorr  .         Harm     .     (no gloves)
MR     .....                    (boots unavailable)
Stlth  ++........               (no amulet)
                                (no ring)
                                (no ring)

@: slowed, very slow
A: beak, talons 3
a: no special abilities


You were on level 2 of the Dungeon.
You were very full.

You visited 1 branch of the dungeon, and saw 2 of its levels.

You collected 64 gold pieces.

Inventory:

Hand Weapons
 f - a +0 whip
 g - a cursed -1 dagger (weapon)
Missiles
 h - 53 stones (quivered)
Armour
 a - a +0 robe (worn)
 i - a +0 shield
 j - a +0 cloak
Jewellery
 d - a +5 amulet of reflection {unknown}
Scrolls
 e - a scroll of amnesia
Books
 b - a book of Air

   Spells                             Type                      Level
   a - Shock                          Conjuration/Air              1
   b - Swiftness                      Charms/Air                   2
   c - Repel Missiles                 Charms/Air                   2
   d - Static Discharge               Conjuration/Air              3
   e - Lightning Bolt                 Conjuration/Air              5
Comestibles
 c - 3 chunks of flesh
 k - 2 meat rations


   Skills:
 - Level 0.2 Short Blades
 - Level 2.1 Dodging
 - Level 2.0 Stealth
 * Level 2.3 Spellcasting
 - Level 1.3 Conjurations
 * Level 5.2 Air Magic


You had one spell level left.
You knew the following spells:

 Your Spells              Type           Power        Failure   Level  Hunger
a - Shock                 Conj/Air       ##..         8%          1    #......
b - Repel Missiles        Chrm/Air       ##....       12%         2    ###....
c - Swiftness             Chrm/Air       ##......     12%         2    ###....


Dungeon Overview and Level Annotations

Branches:
Dungeon (2/15)

Altars:
Ashenzari

Annotations:
D:2 Natasha


Innate Abilities, Weirdness & Mutations

You have a beak for a mouth.
You have claws for feet.


Message History

Natasha, Servant of Life and Death comes into view.
Natasha hisses angrily.
There is a shattered altar of Ashenzari here.
Natasha mumbles some strange words.
The white imp hits you. The white imp freezes you.
There is a shattered altar of Ashenzari here.
Natasha casts a spell.
The white imp shouts, "Go and return not, thou foisting idle-headed joithead!"
The white imp gestures at you. The puff of frost hits you!
There is a stone staircase leading up here.
You can't go up here!
Natasha howls an incantation.
Natasha shimmers violently.
Natasha stares at you and mumbles some strange words.
You feel yourself slow down. The white imp gestures at you.
The puff of frost hits you!
Ouch! That really hurt!
You die...

## ############.##
###..._.........##
.............##.....##
#.########.5.........#
####.#5##.....##
.........#....####
######.h.@........
#...#........
#######.##### .# .# .#


You could see Natasha and 2 white imps.

Vanquished Creatures
  An ooze (D:1)
  3 leopard geckos (D:1)
  A giant cockroach (D:1)
  5 goblins (D:1)
  2 hobgoblins (D:1)
  5 kobolds (D:1)
  2 bats (D:1)
  2 frilled lizards (D:1)
21 creatures vanquished.

Notes
Turn   | Place    | Note
-------+----------+-------------------------------------------
     0 | D:1      | spooks32 the Tengu Air Elementalist began the quest for the Orb.
     0 | D:1      | Reached XP level 1. HP: 10/10 MP: 4/4
   503 | D:1      | Reached XP level 2. HP: 12/15 MP: 0/6
   510 | D:1      | Learned a level 2 spell: Repel Missiles
   513 | D:1      | Learned a level 2 spell: Swiftness
   971 | D:1      | Reached skill level 5 in Air Magic
   977 | D:1      | Reached XP level 3. HP: 19/19 MP: 0/7
  1670 | D:2      | Found a shattered altar of Ashenzari.
  1680 | D:2      | Noticed Natasha
  1692 | D:2      | Killed from afar by a white imp

Skill      XL: |  1  2 |
---------------+-------+-----
Air Magic      | 5 |  5.2
Short Blades   | |  0.2
Dodging        | |  2.1
Stealth        | |  2.0
Spellcasting   | |  2.3
Conjurations   | |  1.3

Action                   || total
-------------------------++-------
Melee: Dagger            ||    35
       Kick              ||     7
       Unarmed           ||     1
       Peck              ||     3
 Cast: Shock             ||    33
  Use: Scroll            ||     3
  Eat: Bread ration      ||     2
Armor: Robe              ||    11
Dodge: Dodged            ||    27
